 Dungeon Crawl Stone Soup version 0.22.1-1-ga44c0e5 (webtiles) character file.

21 Benis312 the Skirmisher (level 2, -1/24 HPs)
             Began as a Demonspawn Abyssal Knight on Oct 31, 2018.
             Was a Follower of Lugonu.
             Slain by a hobgoblin (5 damage)
             ... led by Robin
             ... on level 2 of the Dungeon.
             The game lasted 00:06:45 (1714 turns).

Benis312 the Skirmisher (Demonspawn Abyssal Knight) Turns: 1714, Time: 00:06:45

Health: -1/24      AC: 11    Str: 10 (12) XL:     2   Next: 65%
Magic:  4/4        EV:  4    Int: 10 (13) God:    Lugonu [*.....]
Gold:   79         SH:  0    Dex:  9 (12) Spells: 1/1 levels left

rFire    . . .     SeeInvis .   k - -3 short sword (curse)
rCold    . . .     Gourm    +   (no shield)
rNeg     . . .     Faith    .   i - +1 chain mail
rPois    .         Spirit   .   (no helmet)
rElec    .         Reflect  .   j - +0 cloak
rCorr    .         Harm     .   (no gloves)
MR       .....                  d - +0 pair of boots
Stlth    ..........             f - amulet of the gourmand
HPRegen  0.08/turn              (no ring)
MPRegen  0.09/turn              (no ring)

@: no status effects
A: powered by death 1
a: Depart the Abyss, Renounce Religion


You were on level 2 of the Dungeon.
You worshipped Lugonu.
Lugonu was aware of your devotion.
You were not hungry.

You visited 1 branch of the dungeon, and saw 2 of its levels.
You visited the Abyss 1 time.

You collected 79 gold pieces.

Inventory:

Hand Weapons
 a - a +1 hand axe
 e - a +1 vampiric hand axe
 k - a cursed -3 short sword (weapon)
Armour
 b - a +1 leather armour
 d - a +0 pair of boots (worn)
 i - a +1 chain mail (worn)
 j - a +0 cloak (worn)
Jewellery
 f - an amulet of the gourmand (around neck)
Comestibles
 c - 2 rations


   Skills:
 + Level 3.4 Fighting
 + Level 0.1 Short Blades
 + Level 2.0 Axes
 + Level 1.9 Armour
 + Level 1.1 Dodging
 + Level 2.7 Invocations


You had one spell level left.
You didn't know any spells.
Your spell library was empty.

Dungeon Overview and Level Annotations

Branches:
Dungeon (2/15)

Altars:

Annotations:
D:2 Robin


Innate Abilities, Weirdness & Mutations

You regenerate a little health from kills.


Message History

The hobgoblin hits you but does no damage.
Your chain mail prevents you from hitting Robin.
Robin is lightly wounded.
The goblin barely misses you.
The hobgoblin hits you but does no damage.
Your chain mail prevents you from hitting Robin.
Robin is lightly wounded.
The goblin hits you but does no damage. The hobgoblin hits you.
* * * LOW HITPOINT WARNING * * *
Robin roars a battlecry!
The goblin goes into a battle-frenzy!
You hit Robin.
Robin is moderately wounded.
The goblin hits you.
* * * LOW HITPOINT WARNING * * *
The hobgoblin barely misses you. The goblin hits you but does no damage.
Your chain mail prevents you from hitting the hobgoblin.
The goblin no longer looks unusually strong.
The hobgoblin hits you.
You die...

#.#.#..###
#.#.#g...
#.#.##g####
#.#........
#.#..#.####
#.#..#.#
#g#..#.######
#g#.........#
#@###..####.#
#ggg.)># #.#
######## #.#
#.# #.# #.#
#.# #.# #.#


You could see Robin, 2 hobgoblins and 2 goblins.

Vanquished Creatures
  An ooze (D:1)
  A leopard gecko (D:1)
  A bat (D:1)
  4 goblins
  2 hobgoblins (D:1)
  2 kobolds (D:1)
  2 frilled lizards (D:1)
  A rat (D:1)
14 creatures vanquished.

Notes
Turn   | Place    | Note
-------+----------+-------------------------------------------
     0 | Abyss:1  | Benis312 the Demonspawn Abyssal Knight began the quest for
                  | the Orb.
     0 | Abyss:1  | Reached XP level 1. HP: 18/18 MP: 2/2
    58 | Abyss:1  | Noticed a large abomination
    66 | Abyss:1  | Noticed an orange demon
    68 | Abyss:1  | Noticed a lich
    71 | D:1      | Escaped the Abyss
    74 | D:1      | Noticed a ghoul
    74 | D:1      | Noticed a centaur
    76 | D:1      | Noticed a merfolk
    78 | D:1      | Noticed a draconian
    78 | D:1      | Noticed a demigod
    80 | D:1      | Noticed a demonspawn
    80 | D:1      | Noticed a felid
    82 | D:1      | Noticed a vine stalker
    84 | D:1      | Noticed a dwarf
    86 | D:1      | Noticed a troll
    86 | D:1      | Noticed a formicid
    88 | D:1      | Noticed a spriggan
    88 | D:1      | Noticed an octopode
    90 | D:1      | Noticed an ogre
    92 | D:1      | Noticed a gargoyle
    92 | D:1      | Noticed a minotaur
    94 | D:1      | Noticed a halfling
    94 | D:1      | Noticed a vampire
    96 | D:1      | Noticed a human
    96 | D:1      | Noticed an elf
    98 | D:1      | Noticed a tengu
    98 | D:1      | Noticed a naga
   406 | D:1      | Gained mutation: You regenerate a little health from kills.
                  | [demonic ancestry]
   406 | D:1      | Reached XP level 2. HP: 14/24 MP: 3/3
   776 | D:1      | Reached skill level 1 in Dodging
  1403 | D:2      | Noticed Robin
  1410 | D:2      | Reached * piety under Lugonu
  1714 | D:2      | Slain by a hobgoblin

Skill      XL: |  1  2 |
---------------+-------+-----
Axes           | 2 |  2.0
Dodging        | 1 |  1.1
Fighting       | |  3.4
Short Blades   | |  0.1
Armour         | |  1.9
Invocations    | |  2.7

Action                   || total
-------------------------++-------
Melee: Hand axe          ||    28
       Short sword       ||    72
Invok: Depart the Abyss  ||     1
  Use: Potion            ||     4
       Scroll            ||     2
  Eat: Chunk             ||     5
Armor: Leather armour    ||     6
       Chain mail        ||    88
Dodge: Dodged            ||    39
